 Dungeon Crawl Stone Soup version 0.20-a0-301-g264e157 (webtiles) character file.

1491 Junicave the Magician (level 8, -2/44 HPs)
             Began as a Gargoyle Earth Elementalist on Dec 15, 2016.
             Slain by a polar bear (16 damage)
             ... on level 8 of the Dungeon on Dec 16, 2016.
             The game lasted 00:29:50 (9227 turns).

Junicave the Magician (Gargoyle Earth Elementalist) Turns: 9227, Time: 00:29:50

Health: -2/44      AC:  8    Str: 12    XL:     8   Next: 80%
Magic:  2/17       EV: 12    Int: 18    God:
Gold:   335        SH:  0    Dex: 10    Spells: 7/19 levels left

rFire  . . .     SeeInvis .     s - +4 falchion (slice)
rCold  . . .     Gourm    .     c - +0 robe
rNeg   + . .     Faith    .     (no shield)
rPois  ∞         Spirit   .     (no helmet)
rElec  +         Reflect  .     x - +0 cloak
rCorr  +         Harm     .     (no gloves)
MR     .....                    (no boots)
Stlth  ++........               o - amulet of regeneration
                                l - ring of resist corrosion
                                h - ring of wizardry

@: no status effects
A: negative energy resistance 1, electricity resistance, unbreathing,
petrification resistance, rot immunity, AC +5
a: no special abilities


You were on level 8 of the Dungeon.
You were not hungry.

You visited 1 branch of the dungeon, and saw 6 of its levels.

You collected 335 gold pieces.

Inventory:

Hand Weapons
 s - a +4 falchion of slicing (weapon)
 w - a +4 quarterstaff of chaos
 y - a +0 vampiric hand axe
 z - a cursed -3 dagger
 F - a cursed +0 flail
Missiles
 b - 100 stones (quivered)
Armour
 c - a +0 robe (worn)
 x - a +0 cloak (worn)
Jewellery
 h - a ring of wizardry (left hand)
 l - a ring of resist corrosion (right hand)
 o - an amulet of regeneration (around neck)
 B - an uncursed ring of flight
 G - a +2 amulet of reflection {unknown}
Wands
 v - a wand of slowing (31/48)
 H - a wand of lightning (6/15)
Scrolls
 f - 2 scrolls of recharging
 r - 2 scrolls of enchant armour
 u - a scroll of amnesia {unknown}
 A - 3 scrolls of remove curse
 C - a scroll of noise {unknown}
 D - 3 scrolls of enchant weapon
 K - a scroll of identify
Potions
 a - a potion of mutation {unknown}
 g - 2 potions of curing
 k - 2 potions of heal wounds {unknown}
 m - 2 potions of magic {unknown}
 p - a potion of agility {unknown}
 q - a potion of cancellation {unknown}
 t - a potion of lignification {unknown}
 E - a potion of resistance {unknown}
Books
 e - a book of Geomancy

   Spells                             Type                      Level
   a - Sandblast                      Earth                        1
   b - Passwall                       Transmutation/Earth          2
   c - Stone Arrow                    Conjuration/Earth            3
   d - Petrify                        Transmutation/Earth          4
   e - Lee's Rapid Deconstruction     Earth                        5
 J - a book of Conjurations

   Spells                             Type                      Level
   a - Magic Dart                     Conjuration                  1
   b - Searing Ray                    Conjuration                  2
   c - Dazzling Spray                 Conjuration/Hexes            3
   d - Fulminant Prism                Conjuration/Hexes            4
   e - Iskenderun's Mystic Blast      Conjuration                  4
   f - Iskenderun's Battlesphere      Conjuration/Charms           5
Comestibles
 d - 5 bread rations
 i - 2 meat rations
 j - 3 beef jerkies
 n - 7 fruits
 I - 6 chunks of flesh


   Skills:
 + Level 2.1 Fighting
 + Level 2.2 Maces & Flails
 + Level 2.1 Armour
 + Level 2.3 Dodging
 - Level 2.1 Stealth
 * Level 6.4 Spellcasting
 + Level 4.7 Conjurations
   Level 0.7 Transmutations
 + Level 6.4 Earth Magic
 + Level 1.6 Evocations


You had 7 spell levels left.
You knew the following spells:

 Your Spells              Type           Power        Failure   Level  Hunger
a - Sandblast             Erth           ####..       1%          1    None
b - Stone Arrow           Conj/Erth      ####..       1%          3    ##.....
c - Lee's Rapid Deconstr  Erth           ####......   10%         5    #####..
d - Magic Dart            Conj           ###.         1%          1    None
e - Searing Ray           Conj           ###...       1%          2    None


Dungeon Overview and Level Annotations

Branches:
Dungeon (5/15)
 Temple: D:4-7

Altars:
Ashenzari
Gozag
Trog
Uskayaw


Innate Abilities, Weirdness & Mutations

You are resistant to torment.
Your stone body is resilient. (AC +5)
You are immune to poison.
You resist negative energy. (rN+)
You are resistant to electric shocks. (rElec)
You can survive without breathing.
You are immune to petrification.
You are immune to rotting.


Message History

The polar bear is heavily wounded.
The polar bear completely misses you. The polar bear misses you.
The polar bear claws you.
The searing ray misses the polar bear.
The polar bear bites you! The polar bear claws you. x2
The searing ray hits the polar bear.
The polar bear is heavily wounded.
The polar bear barely misses you. The polar bear claws you.
The polar bear claws you but does no damage.
The searing ray hits the polar bear.
The polar bear is heavily wounded.
You finish channeling your searing ray.
The polar bear bites you!
* * * LOW HITPOINT WARNING * * *
The polar bear claws you but does no damage.
The polar bear claws you.
* * * LOW HITPOINT WARNING * * *
You hit the polar bear but do no damage.
The polar bear is heavily wounded.
The polar bear bites you!
You die...

#.........
#.########
##########.####
####.............###
#....########......#
#.#### +...#.#.#
#.###### #...#.# ..
.......# #..)..#
..###### #.#.#@#
.....# #...#h#
.....# #..##.#
.....# #.....#
.....# ##.##.#
.....# #.##.# .....#
#.##.. )....#
#.##.$# .#####
#.#....


You could see a polar bear.

Vanquished Creatures
  The ghost of drd the Conjurer, an amateur DECj of Sif Muna (D:5)
  2 phantoms
  2 ogres
  The ghost of drd the Conjurer, an amateur DECj (D:3)
  2 scorpions
  A howler monkey (D:3)
  2 crimson imps (D:5)
  Crazy Yiuf (D:3)
  A hound (D:8)
  A gnoll shaman (D:4)
  4 orc priests (D:3)
  4 orc wizards
  An iguana (D:5)
  Terence (D:3)
  5 worker ants (D:4)
  8 gnolls
  8 adders
  A shadow imp (D:5)
  3 worms (D:3)
  A dart slug (D:2)
  An adder simulacrum (D:8)
  6 leopard geckos
  11 orcs
  3 ball pythons
  2 giant cockroaches
  9 hobgoblins
  2 jackals (D:4)
  9 bats
  9 frilled lizards
  6 goblins
  6 kobolds
  A leopard gecko skeleton (D:4)
  A leopard gecko zombie (D:5)
  11 rats
127 creatures vanquished.

Notes
Turn   | Place    | Note
-------+----------+-------------------------------------------
     0 | D:1      | Junicave the Gargoyle Earth Elementalist began the quest for the Orb.
     0 | D:1      | Reached XP level 1. HP: 10/10 MP: 3/3
   766 | D:1      | Reached XP level 2. HP: 13/15 MP: 0/5
  1982 | D:1      | Reached XP level 3. HP: 7/19 MP: 0/7
  2317 | D:2      | Learned a level 3 spell: Stone Arrow
  2945 | D:2      | Reached skill level 1 in Conjurations
  2945 | D:2      | Reached XP level 4. HP: 22/24 MP: 3/8
  3097 | D:3      | Found a hide-covered altar of Uskayaw.
  3097 | D:3      | Noticed a hand axe
  3098 | D:3      | Found a shattered altar of Ashenzari.
  3100 | D:3      | Noticed a hand axe
  3207 | D:3      | Noticed drd's ghost (amateur DECj)
  3640 | D:3      | Reached XP level 5. HP: 14/28 MP: 1/10
  4208 | D:3      | Found a runed door.
  4212 | D:3      | Noticed Crazy Yiuf
  4215 | D:3      | Killed Crazy Yiuf
  4362 | D:3      | Reached skill level 5 in Earth Magic
  4362 | D:3      | Reached XP level 6. HP: 32/32 MP: 1/12
  4487 | D:3      | Noticed Terence
  4495 | D:3      | Killed Terence
  4675 | D:3      | Found an opulent altar of Gozag.
  4675 | D:3      | Found a bloodstained altar of Trog.
  4762 | D:3      | Learned a level 5 spell: Lee's Rapid Deconstruction
  4770 | D:3      | Killed drd's ghost
  4826 | D:3      | Reached skill level 5 in Spellcasting
  5159 | D:3      | Reached XP level 7. HP: 36/36 MP: 14/14
  5245 | D:3      | Found a shattered altar of Ashenzari.
  5287 | D:3      | Found a hide-covered altar of Uskayaw.
  5601 | D:3      | Found an opulent altar of Gozag.
  5601 | D:3      | Found a bloodstained altar of Trog.
  6478 | D:4      | Found an opulent altar of Gozag.
  6717 | D:4      | Reached skill level 1 in Maces & Flails
  7345 | D:4      | Found an opulent altar of Gozag.
  7728 | D:4      | Reached skill level 1 in Fighting
  7728 | D:4      | Reached skill level 1 in Armour
  7728 | D:4      | Reached XP level 8. HP: 43/43 MP: 6/16
  7810 | D:5      | Entered Level 5 of the Dungeon
  8114 | D:4      | Found an opulent altar of Gozag.
  8439 | D:5      | Noticed drd's ghost (amateur DECj)
  8445 | D:5      | Killed drd's ghost
  8445 | D:5      | Reached skill level 1 in Evocations
  8887 | D:5      | You fall through a shaft for 3 floors!
  8888 | D:8      | Upgraded the game from 0.20-a0-299-gec7c366 to 0.20-a0-301-g264e157
  9000 | D:8      | Learned a level 1 spell: Magic Dart
  9003 | D:8      | Learned a level 2 spell: Searing Ray
  9203 | D:8      | Noticed a polar bear
  9227 | D:8      | Slain by a polar bear

Vault maps used:
D:1:      minmay_arrival_solitary_statue
D:3:      gammafunk_temple_overflow_pools, dancing_weapons_uskayaw,
          cheibrodos_ashenzari_chains, uniq_crazy_yiuf_cottage, uniq_terence
D:4:      kennysheep_doodads, st_stairs_7,
          nicolae_gozag_cash_rules_everything_around_me
D:5:      kennysheep_slug_shrine, gammafunk_temple_overflow_statue, first_bread
D:8:      serial_ice, serial_ice_n, serial_ice_a, serial_ice_j, serial_ice_e,
          serial_ice_c, serial_ice_g, the_bakery

Skill      XL: |  1  2  3  4  5  6  7  8 |
---------------+-------------------------+-----
Earth Magic    | 4 5 6 |  6.4
Spellcasting   | 3 4 5 6 |  6.4
Conjurations   | 1 2 3 4 |  4.7
Maces & Flails | 1 2 |  2.2
Fighting       | 1 2 |  2.1
Armour         | 1 2 |  2.1
Dodging        | 2 |  2.3
Evocations     | 1 |  1.6
Stealth        | |  2.1
Transmutations | |  0.7

Action                   |  1- 3 |  4- 6 |  7- 9 || total
-------------------------+-------+-------+-------++-------
Melee: Unarmed           |    17 |       |       ||    17
       Dagger            |    78 |       |       ||    78
       Mace              |     9 |    26 |       ||    35
       Falchion          |       |    87 |   114 ||   201
 Cast: Sandblast         |    34 |    24 |     3 ||    61
       Stone Arrow       |       |    22 |    35 ||    57
       Lee's Rapid Decon |       |     1 |       ||     1
       Magic Dart        |       |       |    13 ||    13
       Searing Ray       |       |       |     4 ||     4
  Use: Scroll            |       |       |     4 ||     4
 Stab: Sleeping          |     5 |     2 |     2 ||     9
  Eat: Chunk             |     6 |    10 |    13 ||    29
       Fruit             |       |       |     2 ||     2
Armor: Robe              |    41 |    34 |    42 ||   117
Dodge: Dodged            |   101 |    82 |    75 ||   258
       Rpst.: Falchion   |       |    21 |    22 ||    43
